cohdb
Replays
Latest Replays
All Replays
Popular Replays
Top Player Replays
Match Explorer
How It Works
Community
CoH3 Stats
Reddit
Sign in to upload your games and track your stats! →
Sign in with Steam
Match 45189323
Unlisted
Match 45189323
Overview
Messages
Build Orders
End
Kradschützen Motorcycle Team
Selects Italian Infantry
Selects Italian Infantry
Panzergrenadier Squad
Panzergrenadier Squad
Construct Light Support Kompanie
MG34 Team
Fire Support Elements
Flakvierling Half-track
Panzerjäger Mechanized Group
Selects Guastatori Squad
Pak 38 Anti-tank Gun Team
Guastatori Squad
Selects Sound the Alarm
Selects Territory Booby Traps
2.5-tonne Medical Truck
Panzerjäger Mechanized Group
Construct Panzerarmee Kommand
.
Begbie
NotQuiteAKing
4IRT
0
0
Comments
sign in to comment!
No comments posted yet!